 Dungeon Crawl Stone Soup version 0.28-a0-1624-g820543e53a (webtiles) character file.

Game seed: 5294378602306069729

108611 timneilson the Tortoise (level 16, -3/99 HPs)
             Began as a Gargoyle Fighter on Jan 23, 2022.
             Was the Champion of Okawaru.
             Killed by divine providence
             ... invoked by a meliai
              (11 damage)
             ... on level 15 of the Dungeon.
             The game lasted 01:08:25 (26977 turns).

timneilson the Tortoise (Gargoyle Fighter)         Turns: 26977, Time: 01:08:25

Health: -3/99      AC: 44    Str: 27    XL:     16   Next: 50%
Magic:  22/23      EV: 14    Int: 16    God:    Okawaru [******]
Gold:   2339       SH: 20    Dex: 13    Spells: 15/15 levels left

rFire   . . .      SeeInvis +   E - +5 scimitar (freeze)
rCold   + + .      Faith    .   K - +0 kite shield
rNeg    + + .      Spirit   .   f - +8 chain mail of the Prince {rC+ SInv}
rPois   ∞          Reflect  +   R - +2 hat
rElec   +          Harm     .   v - +2 cloak {Stlth+}
rCorr   +          Rampage  .   g - +0 pair of gloves of Mailid {rN+ Regen+}
Will    ++...      NoCast   +   x - +0 pair of boots of the Maze {-Cast +Inv rCorr Dex+4}
Stlth   +.........              P - amulet of reflection
HPRegen 1.06/turn               L - ring of Ethics {rPois rC+ Int+6 Slay+3}
MPRegen 0.18/turn               c - ring of willpower

@: heroic, flying, studying Long Blades
A: sickness immunity, AC +12, big wings, negative energy resistance 1,
electricity resistance, torment resistance 1, petrification resistance
a: Renounce Religion, Evoke Invisibility, Heroism, Finesse, Duel


You were on level 15 of the Dungeon.
You worshipped Okawaru.
Okawaru was exalted by your worship.
You visited 4 branches of the dungeon, and saw 24 of its levels.
You also visited: Bailey and Gauntlet.

You collected 2991 gold pieces.
You spent 652 gold pieces at shops.

Inventory:

Hand Weapons
 p - the +5 falchion of the Walnut {vorpal, rN+ Will+ rCorr}
   (You found it on level 5 of the Dungeon)

   It inflicts extra damage upon your enemies.
   rN:        It protects you from negative energy.
   rCorr:     It protects you from acid and corrosion.
   Will:      It increases your willpower.
 q - a +2 demon blade of draining
 r - a +1 scimitar of flaming
 E - a +5 scimitar of freezing (weapon)
Armour
 f - the +8 chain mail of the Prince (worn) {rC+ SInv}
   (Okawaru gifted it to you on level 11 of the Dungeon)

   rC:        It protects you from cold.
   SInv:      It lets you see invisible.
 g - the +0 pair of gloves of Mailid (worn) {rN+ Regen+}
   (Okawaru gifted it to you on level 1 of the Orcish Mines)

   rN:        It protects you from negative energy.
   Regen:     It increases your rate of health regeneration.
 v - a +2 cloak of stealth (worn)
 x - the +0 pair of boots of the Maze (worn) {-Cast +Inv rCorr Dex+4}
   (You bought it in a shop on level 6 of the Dungeon)

   Dex:       It affects your dexterity (+4).
   +Inv:      It lets you turn invisible.
   -Cast:     It prevents spellcasting.
   rCorr:     It protects you from acid and corrosion.
 K - a +0 kite shield (worn)
 R - a +2 hat (worn)
Jewellery
 c - a ring of willpower (right hand)
 h - a ring of fire
 G - a ring of protection from cold
 L - the ring of Ethics (left hand) {rPois rC+ Int+6 Slay+3}
   (You found it in a Gauntlet)

   [ring of intelligence]

   Int:       It affects your intelligence (+6).
   Slay:      It affects your accuracy & damage with ranged weapons and melee
   (+3).
   rC:        It protects you from cold.
   rPois:     It protects you from poison.
 P - an amulet of reflection (around neck)
Wands
 a - a wand of polymorph (15)
 k - a wand of digging (5)
 m - a wand of iceblast (11)
 y - a wand of mindburst (18)
 D - a wand of paralysis (27)
 F - a wand of flame (10)
Scrolls
 b - 4 scrolls of amnesia
 j - 3 scrolls of fog
 l - a scroll of blinking
 s - 8 scrolls of teleportation
 w - 3 scrolls of enchant armour
 N - 2 scrolls of silence
 O - a scroll of fear
 Q - 3 scrolls of identify
 S - a scroll of brand weapon
Potions
 e - a potion of invisibility
 i - 4 potions of brilliance
 n - 2 potions of magic
 o - 5 potions of haste
 t - 3 potions of might
 u - 2 potions of lignification
 z - 15 potions of curing
 A - a potion of ambrosia
 B - 5 potions of mutation
 C - 4 potions of flight
 H - 4 potions of attraction
 I - 2 potions of resistance
 M - a potion of berserk rage
Miscellaneous
 d - a lightning rod (4/4)


   Skills:
 + Level 10.9(15.9) Fighting
 * Level 14.8(19.8) Long Blades
 * Level 15.0(20.0) Armour
 + Level 8.0(13.0) Dodging
 * Level 14.8(19.8) Shields
 + Level 9.8 Invocations
 + Level 8.4 Evocations


You had 15 spell levels left.
You didn't know any spells.
Your spell library contained the following spells:

 Spells                   Type           Power      Damage    Failure   Level
 Foxfire                  Conj/Fire      0%         2x1d4     71%         1
 Sting                    Tmut/Pois      0%         1d3       71%         1
 Blink                    Tloc           0%         N/A       83%         2
 Ensorcelled Hibernation  Hex/Ice        0%         N/A       83%         2
 Passwall                 Tmut/Erth      0%         N/A       83%         2
 Poisonous Vapours        Pois/Air       0%         N/A       83%         2
 Confusing Touch          Hex            0%         N/A       97%         3
 Conjure Flame            Conj/Fire      0%         6-21      97%         3
 Frozen Ramparts          Ice            0%         1d2       97%         3
 Inner Flame              Hex/Fire       0%         N/A       97%         3
 Spider Form              Tmut/Pois      0%         N/A       97%         3
 Swiftness                Air            0%         N/A       97%         3
 Anguish                  Hex/Necr       0%         N/A       100%        4
 Flame Wave               Conj/Fire      0%         2d4       100%        4
 Ice Form                 Ice/Tmut       0%         N/A       100%        4
 Olgreb's Toxic Radiance  Pois           0%         N/A       100%        4
 Petrify                  Tmut/Erth      0%         N/A       100%        4
 Irradiate                Conj/Tmut      0%         3d13      100%        5
 Manifold Assault         Tloc           0%         N/A       100%        5
 Yara's Violent Unravell  Hex/Tmut       0%         3d3       100%        5
 Enfeeble                 Hex            0%         N/A       100%        7
 Storm Form               Tmut/Air       0%         N/A       100%        7
 Fire Storm               Conj/Fire      0%         5d1       100%        9
 Sublimation of Blood     Necr           Unusable   N/A       N/A         2
 Summon Ice Beast         Ice/Summ       Unusable   N/A       N/A         4
 Malign Gateway           Summ/Tloc      Unusable   N/A       N/A         7

Dungeon Overview and Level Annotations

Branches:
Dungeon (15/15)            Temple (1/1) D:5            Lair (6/6) D:8
  Swamp (0/4) Lair:2       Spider (0/4) Lair:2        Slime (0/5) Lair:6
    Orc (2/2) D:10            Elf (0/3) Orc:2        Vaults (0/5) D:14
 Bailey (visited)         Gauntlet (visited)
 Depths: D:15

Altars:
Ashenzari
Cheibriados
Dithmenos
Elyvilon
Fedhas
Gozag
Hepliaklqana
Kikubaaqudgha
Makhleb
Nemelex Xobeh
Okawaru
Qazlal
Ru
Sif Muna
Trog
Uskayaw
Vehumet
Wu Jian
Xom
Yredelemnul
Zin
The Shining One
Jiyva

Shops:
D:5 (   D:6 *(*   D:8 (   D:9 (   D:10 *   D:11 [   Orc:2 **(:=

Portals:
Pandemonium: Orc:2

Annotations:
Lair:1 3 runed translucent doors, Bearnado's ghost, novice MiBe
Lair:6 1 runed translucent door


Innate Abilities, Weirdness & Mutations

You are immune to sickness and miasma.
Your stone body is resilient. (AC +12)
You are immune to poison.
Your large and strong wings let you fly.
You resist negative energy. (rN+)
You are resistant to electric shocks. (rElec)
You are resistant to unholy torment.
You are immune to petrification.


Message History

The meliai is almost dead.
You block the meliai's attack. x2
The meliai mumbles some strange prayers to its god against you.
Something smites you!
An ogre comes into view. It is wielding a +0 giant spiked club.
The meliai barely misses you. You block the meliai's attack.
The meliai calls down the wrath of its god upon you.
Something smites you!
* * * LOW HITPOINT WARNING * * *
You closely miss the rakshasa.
The rakshasa is heavily wounded.
The meliai mumbles some strange prayers to its god against you.
Something smites you!
* * * LOW HITPOINT WARNING * * *
You block the meliai's attack. x2; The rakshasa barely misses you.
The meliai invokes the aid of its god against you.
Something smites you!
* * * LOW HITPOINT WARNING * * *
You feel much better. You block the meliai's attack. x2
The meliai calls down the wrath of its god upon you.
Something smites you!
* * * LOW HITPOINT WARNING * * *
The meliai hits you but does no damage. The meliai closely misses you.
You block the meliai's attack.
The meliai stings you but does no damage.
The rakshasa gestures at you.
The lance of force reflects off an invisible shield around you!
The lance of force hits the rakshasa!!
The rakshasa is knocked back by the lance of force.
The rakshasa collides with the ogre!
The ogre is almost dead.
The rakshasa dies!
Okawaru accepts your kill.
The rakshasa shimmers and vanishes!
Blink to where?
Press: ? - help, Dir - move target
As you read the scroll of blinking, it crumbles to dust.
The meliai invokes the aid of its god against you.
Something smites you!
You die...

#.lOy.y# #y#
#.# #.# #.# #
#.# #. #.#
#.#### #.# #
##....### #@#
#.........# #.#
#...#.#.#.# #.#
#.......#)# #.#
#.....## #.#
#.####..#####.#
.. #...))...#
...#.########
..#.....#


You could see a meliai.

Vanquished Creatures
  Jorgrun (D:15)
  2 orc warlords (Orc:2)
  The ghost of contendunt the Nimble, a journeyman MiFi of Okawaru (Orc:1)
  A minotaur (Gauntlet)
  An ettin (D:15)
  A great orb of eyes (Gauntlet)
  8 vault guards (D:14)
  5 hydras
  2 catoblepae
  A centaur warrior (D:15)
  2 demonspawn (Orc:2)
  5 two-headed ogres
  2 alligators (Lair:5)
  A death knight (D:14)
  Urug (Lair:2)
  Nergalle (Lair:2)
  3 orc high priests (Orc:2)
  6 tengu warriors
  4 death yaks (Lair:6)
  A sixfirhy (Orc:2)
  A fire crab (Gauntlet)
  A goliath frog (Lair:5)
  2 deep trolls (D:15)
  A swamp dragon (Lair:5)
  A lindwurm (Lair:6)
  2 deep elf pyromancers
  2 necromancers (D:15)
  13 ugly things
  10 orc sorcerers (Orc:2)
  A wolf spider (Lair:6)
  4 orc knights (Orc:2)
  5 cyclopes
  13 black mambas
  8 elephants
  A guardian serpent (Lair:6)
  A rust devil (Orc:2)
  A molten gargoyle (Lair:4)
  3 torpor snails (Lair:6)
  A smoke demon (Gauntlet)
  18 cane toads
  2 gargoyles
  2 rime drakes
  An unseen horror (shapeshifter) (D:13)
  2 unseen horrors (D:12)
  4 tengu conjurers
  An efreet (D:9)
  7 komodo dragons
  3 red devils
  3 trolls
  11 polar bears
  3 hornets (Lair:6)
  Grinder (D:3)
  8 blink frogs
  2 raiju (Lair:6)
  5 slime creatures (D:13)
  7 dream sheep (Lair:6)
  Sigmund (D:5)
  2 jumping spiders (Lair:2)
  5 wraiths
  5 wyverns
  39 yaks
  A shadow (D:11)
  A ynoxinul (Orc:2)
  3 fire bats (Gauntlet)
  4 basilisks
  2 steam dragons
  33 vampire mosquitoes
  2 redbacks
  6 wargs
  A swamp worm (Lair:5)
  18 hell hounds
  Duvessa (D:7)
  30 water moccasins
  2 swamp drakes (Lair:5)
  An ice beast (D:8)
  3 necrophages
  14 black bears
  38 orc warriors
  9 ogres
  22 wolves
  A centaur (D:11)
  3 phantoms
  Blork the orc (D:5)
  12 bullfrogs
  A wyvern zombie (D:6)
  8 gnoll sergeants (Bailey)
  3 scorpions (D:6)
  A water moccasin zombie (D:7)
  Dowan (D:7)
  10 killer bees (D:9)
  An electric eel (D:10)
  A howler monkey (D:4)
  8 wights (D:8)
  A bullfrog zombie (D:7)
  5 centaur zombies
  2 crimson imps (Gauntlet)
  29 orc priests
  6 hounds
  5 gnoll shamans (Bailey)
  2 centaur skeletons (D:7)
  2 bullfrog skeletons
  Crazy Yiuf (D:6)
  4 iguanas
  16 orc wizards
  5 yak simulacra (D:15)
  4 wolf simulacra (D:15)
  A centaur simulacrum (D:9)
  12 gnolls (Bailey)
  4 adders
  A howler monkey skeleton (D:7)
  A shadow imp (D:6)
  An ufetubus (D:6)
  An adder skeleton (D:4)
  3 worms
  A dart slug (D:4)
  66 orcs
  3 endoplasms
  4 giant cockroaches
  3 goblins
  4 hobgoblins
  11 jackals
  A quokka (D:1)
  7 ball pythons
  3 bats (D:1)
  3 frilled lizards
  6 kobolds
  5 rats
  2 river rat simulacra (D:15)
719 creatures vanquished.

Vanquished Creatures (others)
  A rakshasa (D:15)
  A wizard (D:14)
  20 fungi
  48 plants
  A withered plant (Gauntlet)
71 creatures vanquished.

Grand Total: 790 creatures vanquished

Notes
Turn   | Place    | Note
-------+----------+-------------------------------------------
     0 | D:1      | timneilson the Gargoyle Fighter began the quest for the
                  | Orb.
     0 | D:1      | Reached XP level 1. HP: 14/14 MP: 1/1
   226 | D:1      | Reached XP level 2. HP: 19/19 MP: 2/2
   629 | D:1      | Found a faded altar of an unknown god.
  1243 | D:2      | Reached XP level 3. HP: 22/23 MP: 3/3
  2198 | D:3      | Noticed Grinder
  2200 | D:3      | Reached XP level 4. HP: 25/28 MP: 4/4
  2209 | D:3      | Paralysed by Grinder for 5 turns
  2219 | D:3      | Killed Grinder
  2220 | D:3      | Reached skill level 4 in Armour
  2220 | D:3      | Reached skill level 1 in Dodging
  2220 | D:3      | Reached XP level 5. HP: 10/33 MP: 5/5
  2220 | D:3      | Reached XP level 6. HP: 11/38 MP: 6/6
  3137 | D:4      | Reached skill level 5 in Shields
  3430 | D:4      | Reached skill level 5 in Armour
  3797 | D:5      | Entered Level 5 of the Dungeon
  3799 | D:5      | Noticed a necrophage
  3844 | D:4      | Reached XP level 7. HP: 40/43 MP: 7/7
  4292 | D:4      | Reached skill level 1 in Evocations
  4729 | D:5      | Reached XP level 8. HP: 43/48 MP: 8/8
  4780 | D:5      | Noticed Blork the orc
  4787 | D:5      | Killed Blork the orc
  4907 | D:5      | Found a staircase to the Ecumenical Temple.
  4916 | Temple   | Entered the Ecumenical Temple
  5013 | Temple   | Became a worshipper of Warmaster Okawaru
  5077 | D:5      | Identified the +5 falchion of the Walnut {vorpal, rN+ Will+
                  | rCorr}
  5251 | D:5      | Noticed a yak
  5251 | D:5      | Noticed a yak
  5251 | D:5      | Noticed a yak
  5262 | D:5      | Killed a yak
  5263 | D:5      | Reached skill level 6 in Armour
  5269 | D:5      | Killed a yak
  5269 | D:5      | Reached * piety under Okawaru
  5270 | D:5      | Reached skill level 1 in Invocations
  5276 | D:5      | Killed a yak
  5277 | D:5      | Reached skill level 5 in Fighting
  5487 | D:5      | Noticed Sigmund
  5505 | D:5      | Killed Sigmund
  5506 | D:5      | Reached skill level 5 in Long Blades
  5512 | D:5      | Found a faded altar of an unknown god.
  5513 | D:5      | Found a hazy altar of Hepliaklqana.
  5620 | D:5      | Found Laull's Antique Weapon Emporium.
  5622 | D:5      | Found a bloodstained altar of Trog.
  5648 | D:5      | Reached XP level 9. HP: 53/54 MP: 10/10
  5874 | D:6      | Found Luthec's Weapon Shop.
  6067 | D:6      | Found a white marble altar of Elyvilon.
  6123 | D:6      | Reached skill level 7 in Armour
  6126 | D:6      | Reached ** piety under Okawaru
  6146 | D:6      | Found Okonky Cunec's General Store.
  6309 | D:6      | Found a runed translucent door.
  6310 | D:6      | Noticed Crazy Yiuf
  6320 | D:6      | Killed Crazy Yiuf
  6507 | D:6      | Found Venou's Assorted Antiques.
  6741 | D:6      | Bought a pair of fading boots for 218 gold pieces
  6741 | D:6      | Identified the +0 pair of boots of the Maze {-Cast +Inv
                  | rCorr Dex+4} (You bought it in a shop on level 6 of the
                  | Dungeon)
  7341 | D:7      | Noticed Duvessa
  7342 | D:7      | Noticed Dowan
  7354 | D:7      | Killed Duvessa
  7354 | D:7      | Reached *** piety under Okawaru
  7363 | D:7      | Killed Dowan
  7534 | D:7      | Reached XP level 10. HP: 53/60 MP: 12/12
  7758 | D:8      | Found a staircase to the Lair.
  7766 | D:8      | Reached skill level 8 in Armour
  7822 | D:8      | Identified the +1 robe "Xeesm" {rElec Will- Str-2 Dex+8}
  8343 | D:8      | Found Unau's Weapon Boutique.
  8644 | D:9      | Noticed a cyclops
  8649 | D:9      | Killed a cyclops
  8669 | D:9      | Reached **** piety under Okawaru
  8873 | D:9      | Found Tyhudot's Antique Weapon Shop.
  9058 | D:9      | Noticed a cyclops
  9064 | D:9      | Killed a cyclops
  9406 | D:9      | Found a blossoming altar of Fedhas.
  9419 | D:9      | Found a snail-covered altar of Cheibriados.
  9752 | D:10     | Entered Level 10 of the Dungeon
  9802 | D:10     | Found a shadowy altar of Dithmenos.
  9832 | D:10     | Found Asuoqoim's Assorted Antiques.
  9837 | D:10     | Bought a metallic sapphire potion for 22 gold pieces
  9837 | D:10     | Bought a fizzy silvery potion for 22 gold pieces
  9869 | D:10     | Noticed a cyclops
  9875 | D:10     | Killed a cyclops
  9875 | D:10     | Reached ***** piety under Okawaru
  9876 | D:10     | Reached XP level 11. HP: 44/66 MP: 14/14
  9969 | D:10     | Reached skill level 9 in Armour
 10098 | D:10     | Found a flagged portal.
 10100 | D:10     | Found a staircase to the Orcish Mines.
 10107 | Bailey   | Entered a bailey
 11271 | D:11     | Found Goigipitt's Armour Emporium.
 11425 | D:11     | Noticed a cyclops
 11436 | D:11     | Killed a cyclops
 11436 | D:11     | Identified the +8 chain mail of the Prince {rC+ SInv}
                  | (Okawaru gifted it to you on level 11 of the Dungeon)
 11436 | D:11     | Received a gift from Okawaru
 11706 | D:11     | Reached skill level 5 in Invocations
 12103 | D:11     | Noticed a white ugly thing
 12112 | D:11     | Killed a white ugly thing
 12704 | D:12     | Noticed a tengu warrior
 12713 | D:12     | Killed a tengu warrior
 12803 | D:12     | Reached skill level 10 in Armour
 12805 | D:12     | Reached skill level 10 in Shields
 12805 | D:12     | Reached skill level 5 in Evocations
 12816 | D:12     | Reached skill level 5 in Dodging
 12845 | D:12     | Noticed a two-headed ogre
 12854 | D:12     | Killed a two-headed ogre
 12855 | D:12     | Reached XP level 12. HP: 49/72 MP: 16/16
 12859 | D:12     | Found a gate leading to a gauntlet.
 12864 | Gauntlet | Entered a Gauntlet
 12864 | Gauntlet | Found a large runed translucent door.
 12864 | Gauntlet | Found a large runed translucent door.
 12864 | Gauntlet | Found a large runed translucent door.
 12864 | Gauntlet | Found a large runed translucent door.
 12864 | Gauntlet | Found a large runed translucent door.
 12864 | Gauntlet | Found a large runed translucent door.
 12864 | Gauntlet | Found a large runed translucent door.
 12864 | Gauntlet | Found a large runed translucent door.
 12864 | Gauntlet | Found a runed translucent door.
 12864 | Gauntlet | Found a runed translucent gate.
 12864 | Gauntlet | Found a transporter.
 12864 | Gauntlet | Found a transporter.
 12864 | Gauntlet | Found a runed translucent gate.
 12864 | Gauntlet | Found a transporter.
 12956 | Gauntlet | Found a transporter.
 12959 | Gauntlet | Found a transporter.
 12959 | Gauntlet | Found a transporter.
 12969 | Gauntlet | Found a transporter.
 12969 | Gauntlet | Noticed a great orb of eyes
 12973 | Gauntlet | Found a transporter.
 12979 | Gauntlet | Noticed a death scarab
 12981 | Gauntlet | Noticed a death scarab
 12983 | Gauntlet | Found a transporter.
 13057 | Gauntlet | Found a runed translucent door.
 13058 | Gauntlet | Found a large runed translucent door.
 13058 | Gauntlet | Found a large runed translucent door.
 13058 | Gauntlet | Found a large runed translucent door.
 13058 | Gauntlet | Found a large runed translucent door.
 13059 | Gauntlet | Found a large runed translucent door.
 13059 | Gauntlet | Found a large runed translucent door.
 13060 | Gauntlet | Found a large runed translucent door.
 13060 | Gauntlet | Found a large runed translucent door.
 13069 | Gauntlet | Found a runed translucent gate.
 13085 | Gauntlet | Found a transporter.
 13089 | Gauntlet | Found a transporter.
 13104 | Gauntlet | Found a transporter.
 13510 | Gauntlet | Killed a great orb of eyes
 13661 | Gauntlet | Identified the ring of Ethics {rPois rC+ Int+6 Slay+3}
 13844 | Gauntlet | Identified the +6 morningstar "Noadghul" {flame, Dex+4}
 13844 | Gauntlet | Identified the +1 shadow dragon scales of the Evil One
                  | {MP+9 Str+3 Dex-2 Stlth++++}
 13844 | Gauntlet | Noticed a minotaur
 13873 | Gauntlet | Killed a minotaur
 13884 | Gauntlet | Got Asmodeus's Almanac of Supportive Ignition
 14837 | D:12     | Received a gift from Okawaru
 15009 | Lair:1   | Entered Level 1 of the Lair of Beasts
 15025 | Lair:1   | Reached skill level 11 in Armour
 15231 | Lair:1   | Found a runed translucent gate.
 15231 | Lair:1   | Found a runed translucent gate.
 15232 | Lair:1   | Found a runed translucent gate.
 15251 | Lair:1   | Noticed Bearnado's ghost (novice MiBe)
 15398 | Lair:1   | Reached XP level 13. HP: 30/79 MP: 15/17
 16178 | Lair:2   | Noticed Nergalle
 16190 | Lair:2   | Killed Nergalle
 16613 | Lair:2   | Found a staircase to the Swamp.
 16878 | Lair:2   | Reached ****** piety under Okawaru
 16890 | Lair:2   | Received a gift from Okawaru
 16914 | Lair:2   | Found a hole to the Spider Nest.
 17275 | Lair:2   | Noticed Urug
 17287 | Lair:2   | Killed Urug
 17680 | Lair:2   | Identified a scroll of acquirement
 17680 | Lair:2   | Acquired a manual of Long Blades
 18290 | Lair:3   | Reached skill level 10 in Long Blades
 18645 | Lair:4   | Reached skill level 12 in Armour
 19556 | Lair:5   | Received a gift from Okawaru
 20077 | Lair:5   | Gained mutation: Your large and strong wings let you fly.
                  | [Gargoyle growth]
 20077 | Lair:5   | Reached XP level 14. HP: 50/86 MP: 17/19
 20653 | Lair:6   | Entered Level 6 of the Lair of Beasts
 21239 | Lair:6   | Reached skill level 13 in Armour
 21354 | Lair:6   | Received a gift from Okawaru
 21587 | Lair:6   | Identified the +1 ring mail of Dyspraxia {rC+}
 21617 | Lair:6   | Found a runed translucent door.
 21619 | Lair:6   | Found a viscous altar of Jiyva.
 21619 | Lair:6   | Noticed an acid blob
 21620 | Lair:6   | Noticed an acid blob
 22233 | Lair:6   | Found a staircase to the Slime Pits.
 22234 | Lair:6   | Noticed an acid blob
 22270 | Lair:6   | Reached XP level 15. HP: 75/92 MP: 21/21
 22387 | Lair:6   | Reached skill level 10 in Fighting
 23155 | Orc:1    | Entered Level 1 of the Orcish Mines
 23171 | Orc:1    | Identified the +0 pair of gloves of Mailid {rN+ Regen+}
                  | (Okawaru gifted it to you on level 1 of the Orcish Mines)
 23171 | Orc:1    | Received a gift from Okawaru
 23251 | Orc:1    | Found a transporter.
 23262 | Orc:1    | Noticed contendunt's ghost (journeyman MiFi)
 23279 | Orc:1    | Found a transporter.
 23448 | Orc:2    | Entered Level 2 of the Orcish Mines
 23559 | Orc:2    | Noticed an orc warlord
 23595 | Orc:2    | Killed an orc warlord
 23749 | Orc:2    | Noticed an orc warlord
 23770 | Orc:2    | Killed an orc warlord
 23803 | Orc:2    | Found a staircase to the Elven Halls.
 23841 | Orc:2    | Found a burning altar of Makhleb.
 23944 | Orc:2    | Found Wanarghall's Jewellery Shoppe.
 23947 | Orc:2    | Bought an amulet of reflection for 390 gold pieces
 24219 | Orc:2    | Reached skill level 14 in Armour
 24283 | Orc:2    | Found Fuicwaih's General Store.
 24284 | Orc:2    | Found Xususm's General Store.
 24620 | Orc:2    | Found Xena's Book Shop.
 24620 | Orc:2    | Found a one-way gate leading to the halls of Pandemonium.
 24620 | Orc:2    | Found Zeikicki's Antique Weapon Boutique.
 24623 | Orc:2    | Paralysed by an orc sorcerer for 5 turns
 25104 | Orc:1    | Killed contendunt's ghost
 25104 | Orc:1    | Received a gift from Okawaru
 25602 | D:13     | Reached XP level 16. HP: 99/99 MP: 21/23
 25874 | D:14     | Identified the +0 leather armour of the Present {*Corrode
                  | MP+9 Str+3 Slay+4}
 25877 | D:14     | Found a stormy altar of Qazlal.
 25917 | D:14     | Found a gate to the Vaults.
 26648 | D:15     | Entered Level 15 of the Dungeon
 26739 | D:15     | Noticed Jorgrun
 26749 | D:15     | Killed Jorgrun
 26929 | D:15     | Received a gift from Okawaru
 26974 | D:15     | Reached skill level 15 in Armour
 26975 | D:15     | HP: 2/99 [meliai/divine providence (12)]
 26977 | D:15     | Killed from afar by a meliai

Illustrated notes

Levels and vault maps discovered:
D:1:      sevenhm_arrival_forest_fort_small_5, layout_basic,
          hellmonk_ecumenical_altar_inner_sanctum
D:2:      layout_basic
D:3:      layout_rooms, uniq_grinder
D:4:      layout_gridville
D:5:      layout_rooms, mainiacjoe_overflow_alcove_1,
          beargit_hepliaklqana_dungeon_heroes, minmay_temple_entry_arrows,
          serial_shops, shop, uniq_blork_the_orc
D:6:      layout_loops_ring, nicolae_elyvilon_peaceful_grove, serial_shops,
          shop, nicolae_shop_temple_entry_statues_fountains, shop,
          roderic_lattice_a, uniq_crazy_yiuf_cottage
D:7:      layout_rooms, kennysheep_dice, uniq_duvessa
D:8:      layout_loops_ring, lair_entry_dummy, serial_shops, shop
D:9:      minmay_cornered_nines, layout_grid_maze,
          mainiacjoe_overflow_catwalk_spiral, serial_shops,
          nicolae_shop_behind_doors
D:10:     layout_roguey, nicolae_dithmenos_shadow_blocks, enter_bailey_2,
          serial_shops, shop, lightli_minifort
D:11:     layout_gridville, serial_shops, nicolae_shop_behind_doors
D:12:     layout_irregular_city, gauntlet_entry_generic
D:13:     layout_roguey
D:14:     layout_irregular_city, erik_vaults_2, serial_rivers,
          chequers_serial_rivers_micro_b, chequers_serial_rivers_small_3,
          chequers_serial_rivers_room_a, chequers_serial_rivers_small_b,
          chequers_serial_rivers_micro_d, chequers_serial_rivers_large_b,
          serial_park_tiny_2, nicolae_qazlal_scattered_showers
D:15:     hangedman_depths_entry_civil_slaughter, layout_loops_ring,
          nicolae_two_hexagons, eino_house_with_fridge, uniq_jorgrun
Temple:   regret_index_temple_sphere_string
Lair:1:   layout_cave_pods, gammafunk_ghost_icy
Lair:2:   layout_hall_layers, swamp_mist_pool, spider_nest_entry_a,
          beast_lair_carwin_11, grunt_megastairs_4, infiniplex_staircase_pool,
          uniq_nergalle, uniq_urug
Lair:3:   layout_regular_city, grunt_megastairs_2
Lair:4:   layout_gridlike
Lair:5:   onia_ninara_swampy_vault, layout_regular_city, serial_bayou_pond_c,
          infiniplex_staircase_pool_2, grunt_megastairs_3
Lair:6:   hangedman_lair_tendril_chambers, layout_regular_city,
          hangedman_lair_caniforms_friends, slime_altar_2, minivault_27
Orc:1:    layout_diamond_mine, gammafunk_ghost_arena
Orc:2:    pf_orc_diabolical, layout_caves, serial_shops,
          nicolae_shop_behind_doors, lemuel_statue_altar

Skill      XL: |  1  2  3  4  5  6  7  8  9 10 11 12 13 14 15 16 |
---------------+-------------------------------------------------+-----
Long Blades    | 2 3 4 5 6 7 8 9 10 12 14 | 14.8
Armour         | 4 5 6 7 8 10 11 12 13 14 15 | 15.0
Dodging        | 1 2 3 4 5 6 7 8 |  8.0
Shields        | 4 5 6 7 8 10 11 12 13 14 | 14.8
Fighting       | 4 5 6 7 8 9 10 | 10.9
Evocations     | 1 2 3 4 5 6 7 8 |  8.4
Invocations    | 1 3 4 5 6 7 8 9 |  9.8

Action                   |  1- 3 |  4- 6 |  7- 9 | 10-12 | 13-15 | 16-18 || total
-------------------------+-------+-------+-------+-------+-------+-------++-------
Melee: Long sword        |   137 |    91 |    80 |       |       |       ||   308
       Falchion          |       |       |   217 |    73 |       |       ||   290
       Scimitar          |       |       |       |   510 |  1461 |   248 ||  2219
Invok: Heroism           |       |       |     1 |    16 |    14 |     5 ||    36
       Finesse           |       |       |       |       |     3 |       ||     3
  Use: Scroll            |     3 |     5 |     2 |    11 |     8 |     1 ||    30
       Potion            |       |     1 |       |     5 |     1 |     1 ||     8
Armor: Scale mail        |    35 |       |       |       |       |       ||    35
       Chain mail        |    42 |    54 |   180 |   338 |   784 |    88 ||  1486
       Plate armour      |       |       |       |    72 |       |       ||    72
Dodge: Dodged            |    65 |    42 |   119 |   387 |   612 |    47 ||  1272
Block: Buckler           |    29 |    15 |    94 |   191 |       |       ||   329
       Kite shield       |       |       |       |   180 |  1067 |   150 ||  1397
       Reflection        |       |       |       |       |     1 |     6 ||     7

Table legend: (Time is in decaauts)
 A = Elapsed time spent in this place.
 B = Non-inter-level travel time spent in this place.
 C = Inter-level travel time spent in this place.
 D = Time resting spent in this place.
 E = Time spent auto-exploring this place.
 F = Levels seen in this place.
 G = Mean time per level.
                   A        B        C        D        E       F      G
               +--------+--------+--------+--------+--------+-----+--------+
         Total |  26796 |  25568 |   1228 |   2789 |  15047 |  26 | 1030.6 |
       Dungeon |  14757 |  13846 |    911 |   1318 |   8982 |  15 |  983.8 |
        Temple |    155 |    140 |     15 |      0 |    122 |   1 |  155.0 |
          Lair |   8002 |   7824 |    178 |    795 |   4877 |   6 | 1333.7 |
  Orcish Mines |   1871 |   1748 |    123 |     30 |    411 |   2 |  935.5 |
        Bailey |    697 |    697 |      0 |    280 |    157 |   1 |  697.0 |
      Gauntlet |   1312 |   1312 |      0 |    366 |    497 |   1 | 1312.0 |
               +--------+--------+--------+--------+--------+-----+--------+

Top non-repeatable levels by time:
  Lair:6: 2211 daAuts
     D:4: 1906 daAuts
  Lair:2: 1529 daAuts
    D:11: 1411 daAuts
   Orc:2: 1397 daAuts
  Lair:5: 1332 daAuts
Gauntlet: 1312 daAuts
  Lair:1: 1202 daAuts
     D:1: 1187 daAuts
     D:9: 1152 daAuts
     D:6: 1119 daAuts
     D:8: 1073 daAuts
     D:2: 1010 daAuts
    D:12: 977 daAuts
    D:10: 964 daAuts
